[ AOE2 MATCH · #481686576 ]
UnrankedFranks vs Bohemians
[ REPLAY ANALYSIS · EXTRACTED FROM THE RECORDED GAME ]
Feudal
12:09
Castle
19:28
Imperial
42:05
| APM avg | 16.9 |
| APM peak | 54 |
| eAPM avg | 10.5 |
| Villagers / military | 111 / 76 |
Focus
⚔️ 20.3% · 🌾 79.7%
Knight ×31 · Spearman ×28 · Throwing Axeman ×16 · Monk ×1
Feudal
10:49
Castle
18:41
Imperial
33:16
| APM avg | 14.8 |
| APM peak | 35 |
| eAPM avg | 12.6 |
| Villagers / military | 125 / 225 |
Focus
⚔️ 22.2% · 🌾 77.8%
Hand Cannoneer ×167 · Hussite Wagon ×37 · Trebuchet (Packed) ×20 · Monk ×1
Feudal
12:21
Castle
18:31
Imperial
37:15
| APM avg | 18.1 |
| APM peak | 58 |
| eAPM avg | 10.6 |
| Villagers / military | 79 / 68 |
Focus
⚔️ 31.9% · 🌾 68.1%
Spearman ×35 · Huskarl ×12 · Skirmisher ×8 · Militia ×6 · Battering Ram ×4 · Trebuchet (Packed) ×2
Feudal
14:31
Castle
22:26
Imperial
48:34
| APM avg | 21.9 |
| APM peak | 57 |
| eAPM avg | 12.7 |
| Villagers / military | 114 / 26 |
Focus
⚔️ 13.1% · 🌾 86.9%
Throwing Axeman ×13 · Knight ×9 · Monk ×4
Feudal
11:30
Castle
19:09
Imperial
40:57
| APM avg | 40.2 |
| APM peak | 83 |
| eAPM avg | 12.3 |
| Villagers / military | 81 / 95 |
Focus
⚔️ 26.1% · 🌾 73.9%
Knight ×73 · Leitis ×18 · Trade Cart ×6 · Monk ×3 · Scout Cavalry ×1
Feudal
16:13
Castle
21:33
Imperial
—
| APM avg | 22.8 |
| APM peak | 100 |
| eAPM avg | 8.5 |
| Villagers / military | 101 / 20 |
Focus
⚔️ 22.6% · 🌾 77.4%
Spearman ×16 · Mangonel ×3 · Militia ×1
Feudal
13:08
Castle
17:02
Imperial
33:58
| APM avg | 15.8 |
| APM peak | 47 |
| eAPM avg | 11.1 |
| Villagers / military | 136 / 228 |
Focus
⚔️ 33.2% · 🌾 66.8%
Huskarl ×206 · Spearman ×20 · Trebuchet (Packed) ×2
Feudal
14:28
Castle
19:39
Imperial
34:02
| APM avg | 31.3 |
| APM peak | 76 |
| eAPM avg | 16.2 |
| Villagers / military | 119 / 125 |
Focus
⚔️ 35.4% · 🌾 64.6%
Mameluke ×40 · Skirmisher ×22 · Scout Cavalry ×18 · Camel Scout ×17 · Knight ×12 · Monk ×9
Match map
Initial resources + every placement click. Lines = walls · curves = elevation contours. ◆ gold · ⬟ stone · ● berries · ✦ relic · ◌ wall gap
Your base· ✓ Closed at 19:28 · 0t walls · 5 gate(s)
Marina Orsini's base· ✓ Closed at 18:41 · 0t walls · 7 gate(s)
Acid Dag's base· ✓ Closed at 18:31 · 0t walls · 4 gate(s)
YUNDARITO's base· ✓ Closed at 22:26 · 1t walls · 5 gate(s)
Balint4321's base· ✓ Closed at 19:09 · 0t walls · 4 gate(s)
Военкомат's base· ✓ Closed at 21:33 · 0t walls · 6 gate(s)
iceiceice's base· ✓ Closed at 17:02 · 9t walls · 6 gate(s)
shamix709's base· ✓ Closed at 19:39 · 0t walls · 7 gate(s)
Smoothed initial terrain · ◌ = detected wall gap · hover for details
Inputs per minute
— avarhard - - Marina Orsini
Build order — avarhard
First 150 of 250 actions detected
| 0:04 | Create | Villager (Male) ×4 |
| 0:09 | Build | House |
| 0:11 | Build | House |
| 1:30 | Create | Villager (Male) |
| 1:51 | Build | Lumber Camp |
| 2:06 | Create | Villager (Male) |
| 2:37 | Research | Loom |
| 2:37 | Create | Villager (Male) |
| 2:59 | Create | Villager (Male) |
| 3:22 | Create | Villager (Male) |
| 4:01 | Build | House |
| 4:04 | Create | Villager (Male) |
| 4:04 | Create | Villager (Male) |
| 4:24 | Build | House |
| 4:30 | Build | Mill |
| 5:09 | Create | Villager (Male) |
| 5:27 | Create | Villager (Male) |
| 5:55 | Create | Villager (Male) |
| 5:56 | Create | Villager (Male) |
| 5:56 | Create | Villager (Male) |
| 6:12 | Create | Villager (Male) |
| 7:00 | Create | Villager (Male) |
| 7:00 | Create | Villager (Male) |
| 7:25 | Create | Villager (Male) |
| 7:36 | Create | Villager (Male) |
| 8:20 | Create | Villager (Male) |
| 9:09 | Create | Villager (Male) |
| 9:09 | Create | Villager (Male) |
| 9:10 | Create | Villager (Male) |
| 9:43 | Research | Feudal Age |
| 10:02 | Create | Villager (Male) |
| 10:54 | Build | Mill |
| 11:12 | Create | Villager (Male) |
| 11:47 | Build | Farm |
| 11:47 | Build | Farm |
| 11:47 | Build | Farm |
| 11:51 | Build | Farm |
| 11:54 | Create | Villager (Male) |
| 12:09 | Age | Feudal Age |
| 12:14 | Create | Villager (Male) |
| 12:31 | Create | Villager (Male) |
| 12:48 | Build | Farm |
| 13:07 | Build | House |
| 13:09 | Build | House |
| 13:10 | Build | House |
| 13:14 | Create | Villager (Male) |
| 13:33 | Build | Market |
| 13:40 | Build | Blacksmith |
| 14:09 | Research | Double-Bit Axe |
| 14:39 | Create | Villager (Male) |
| 15:00 | Build | Mining Camp |
| 15:08 | Create | Villager (Male) |
| 15:09 | Create | Villager (Male) |
| 15:09 | Create | Villager (Male) |
| 15:22 | Build | Farm |
| 15:23 | Build | Farm |
| 15:26 | Build | Farm |
| 16:02 | Create | Villager (Male) |
| 16:08 | Build | Farm |
| 16:08 | Build | Farm |
| 16:28 | Build | Farm |
| 16:30 | Research | Castle Age |
| 16:35 | Research | Gold Mining |
| 16:58 | Build | Farm |
| 17:00 | Create | Villager (Male) |
| 17:19 | Create | Villager (Male) |
| 17:42 | Create | Villager (Male) |
| 18:14 | Research | Stone Mining |
| 18:18 | Build | Mining Camp |
| 18:25 | Research | Forging |
| 19:23 | Create | Villager (Male) |
| 19:28 | Age | Castle Age |
| 19:29 | Create | Villager (Male) |
| 19:36 | Research | Bow Saw |
| 20:01 | Create | Villager (Male) |
| 20:02 | Build | Farm |
| 20:12 | Research | Wheelbarrow |
| 20:18 | Create | Villager (Male) |
| 20:21 | Build | Town Center |
| 20:40 | Create | Villager (Male) |
| 20:43 | Build | Farm |
| 20:44 | Create | Villager (Male) |
| 20:59 | Build | Barracks |
| 21:05 | Build | Farm |
| 21:12 | Create | Villager (Male) |
| 21:46 | Create | Villager (Male) |
| 21:50 | Create | Villager (Male) |
| 21:54 | Research | Squires |
| 21:56 | Create | Spearman |
| 22:14 | Research | Hand Cart |
| 22:20 | Create | Villager (Male) |
| 22:50 | Research | Town Watch |
| 22:54 | Create | Villager (Male) ×2 |
| 23:15 | Create | Villager (Male) ×2 |
| 23:19 | Build | Stable |
| 23:46 | Create | Villager (Male) ×3 |
| 24:06 | Create | Villager (Male) ×3 |
| 24:10 | Build | Farm |
| 24:10 | Build | Farm |
| 24:10 | Build | Farm |
| 24:10 | Build | Farm |
| 24:13 | Build | Farm |
| 24:23 | Build | House |
| 24:25 | Build | House |
| 24:26 | Build | House |
| 24:39 | Research | Town Patrol |
| 24:42 | Create | Villager (Male) |
| 25:05 | Create | Spearman |
| 25:07 | Create | Spearman |
| 25:10 | Create | Spearman |
| 25:17 | Build | Barracks |
| 25:19 | Build | Barracks |
| 25:23 | Research | Gold Shaft Mining |
| 25:26 | Create | Villager (Male) |
| 25:32 | Build | Farm |
| 25:32 | Build | Farm |
| 25:33 | Build | Farm |
| 25:35 | Build | Farm |
| 25:37 | Build | Farm |
| 25:39 | Build | Farm |
| 25:40 | Build | Farm |
| 25:41 | Build | Farm |
| 25:46 | Create | Villager (Male) ×2 |
| 26:07 | Research | Iron Casting |
| 26:17 | Build | Stable |
| 26:22 | Create | Knight |
| 26:26 | Create | Villager (Male) ×2 |
| 26:30 | Build | House |
| 26:32 | Build | House |
| 26:38 | Build | House |
| 26:40 | Build | House |
| 27:14 | Research | Pikeman (upgrade) |
| 27:16 | Create | Spearman ×5 |
| 27:24 | Research | Scale Mail Armor |
| 27:30 | Build | Barracks |
| 27:35 | Create | Villager (Male) |
| 27:42 | Build | Town Center |
| 27:55 | Create | Villager (Male) ×5 |
| 28:02 | Build | Castle |
| 28:05 | Build | Mining Camp |
| 28:10 | Create | Spearman ×4 |
| 28:32 | Research | Scale Barding Armor |
| 28:36 | Create | Knight |
| 29:07 | Research | Husbandry |
| 29:08 | Create | Knight |
| 29:08 | Create | Knight |
| 29:16 | Build | Stable |
| 29:19 | Create | Villager (Male) ×2 |
| 29:31 | Build | Town Center |
| 29:48 | Create | Villager (Male) ×4 |
Build order — Marina Orsini
First 150 of 340 actions detected
| 0:02 | Create | Villager (Male) |
| 0:03 | Create | Villager (Male) |
| 0:03 | Create | Villager (Male) |
| 0:03 | Create | Villager (Male) |
| 0:05 | Build | House |
| 0:07 | Build | House |
| 1:27 | Create | Villager (Male) |
| 1:28 | Create | Villager (Male) |
| 1:59 | Create | Villager (Male) |
| 1:59 | Create | Villager (Male) |
| 2:15 | Create | Villager (Male) |
| 3:01 | Create | Villager (Male) |
| 3:18 | Create | Villager (Male) |
| 3:35 | Create | Villager (Male) |
| 4:26 | Create | Villager (Male) |
| 4:27 | Create | Villager (Male) |
| 5:00 | Create | Villager (Male) |
| 5:32 | Create | Villager (Male) |
| 5:40 | Build | House |
| 5:54 | Build | House |
| 6:03 | Create | Villager (Male) |
| 7:22 | Create | Villager (Male) |
| 7:30 | Build | Mill |
| 7:39 | Build | Lumber Camp |
| 7:49 | Research | Loom |
| 8:11 | Create | Villager (Male) |
| 8:31 | Research | Feudal Age |
| 9:42 | Build | Lumber Camp |
| 9:57 | Create | Villager (Male) |
| 10:09 | Build | Mill |
| 10:26 | Create | Villager (Male) |
| 10:49 | Age | Feudal Age |
| 10:54 | Research | Double-Bit Axe |
| 11:24 | Build | Barracks |
| 11:38 | Research | Wheelbarrow |
| 11:48 | Create | Villager (Male) |
| 12:08 | Research | Horse Collar |
| 12:56 | Create | Villager (Male) |
| 13:10 | Build | Market |
| 13:17 | Build | Blacksmith |
| 13:23 | Build | Farm |
| 13:30 | Build | Farm |
| 13:31 | Build | Farm |
| 13:38 | Build | Farm |
| 13:39 | Build | Farm |
| 13:48 | Build | Farm |
| 13:53 | Create | Villager (Male) |
| 14:07 | Build | House |
| 14:15 | Create | Villager (Male) |
| 14:22 | Build | Farm |
| 14:32 | Build | Mining Camp |
| 14:39 | Build | Farm |
| 14:40 | Build | Farm |
| 14:41 | Build | Farm |
| 15:02 | Build | Farm |
| 15:12 | Build | Farm |
| 15:20 | Create | Villager (Male) |
| 15:39 | Build | Farm |
| 16:01 | Research | Castle Age |
| 17:08 | Build | Farm |
| 17:08 | Build | Farm |
| 17:10 | Build | Farm |
| 17:11 | Build | Farm |
| 17:35 | Build | Archery Range |
| 17:53 | Research | Padded Archer Armor |
| 17:54 | Research | Fletching |
| 18:05 | Create | Villager (Male) |
| 18:06 | Create | Villager (Male) |
| 18:41 | Age | Castle Age |
| 18:42 | Build | Town Center |
| 18:46 | Research | Bow Saw |
| 18:58 | Research | Heavy Plow |
| 19:25 | Create | Villager (Male) |
| 19:29 | Create | Villager (Male) |
| 19:29 | Create | Villager (Male) |
| 19:54 | Create | Villager (Male) |
| 19:54 | Create | Villager (Male) |
| 19:54 | Create | Villager (Male) |
| 20:11 | Build | Monastery |
| 20:21 | Create | Villager (Male) |
| 20:21 | Create | Villager (Male) |
| 20:38 | Create | Villager (Male) |
| 20:38 | Create | Villager (Male) |
| 20:48 | Create | Villager (Male) |
| 20:48 | Create | Villager (Male) |
| 21:07 | Create | Monk |
| 21:11 | Create | Villager (Male) |
| 21:11 | Create | Villager (Male) |
| 21:12 | Create | Villager (Male) |
| 21:15 | Build | House |
| 21:21 | Build | House |
| 21:28 | Create | Villager (Male) |
| 21:28 | Create | Villager (Male) |
| 21:43 | Build | University |
| 21:51 | Build | House |
| 21:51 | Build | House |
| 21:51 | Build | House |
| 21:52 | Build | House |
| 21:52 | Build | House |
| 21:53 | Build | House |
| 21:53 | Build | House |
| 21:53 | Build | House |
| 21:54 | Build | House |
| 21:54 | Build | House |
| 21:55 | Build | House |
| 21:55 | Build | House |
| 21:56 | Build | House |
| 21:56 | Build | House |
| 21:57 | Build | House |
| 21:57 | Build | House |
| 21:57 | Build | House |
| 22:03 | Create | Villager (Male) |
| 22:03 | Create | Villager (Male) |
| 22:03 | Create | Villager (Male) |
| 22:25 | Build | Town Center |
| 22:34 | Create | Villager (Male) |
| 22:34 | Create | Villager (Male) |
| 22:34 | Create | Villager (Male) |
| 22:35 | Create | Villager (Male) |
| 22:35 | Create | Villager (Male) |
| 22:59 | Create | Villager (Male) |
| 23:00 | Create | Villager (Male) |
| 23:00 | Create | Villager (Male) |
| 23:17 | Create | Villager (Male) |
| 23:17 | Create | Villager (Male) |
| 23:37 | Create | Villager (Male) |
| 23:37 | Create | Villager (Male) |
| 23:37 | Create | Villager (Male) |
| 23:37 | Create | Villager (Male) |
| 24:37 | Research | Chemistry |
| 24:41 | Create | Villager (Male) |
| 24:57 | Build | Castle |
| 25:02 | Create | Villager (Male) |
| 25:02 | Create | Villager (Male) |
| 25:03 | Create | Villager (Male) |
| 25:15 | Build | Town Center |
| 25:36 | Create | Villager (Male) |
| 25:36 | Create | Villager (Male) |
| 25:56 | Create | Villager (Male) |
| 25:57 | Create | Villager (Male) |
| 25:57 | Create | Villager (Male) |
| 26:16 | Research | Ballistics |
| 26:18 | Research | Treadmill Crane |
| 26:20 | Create | Villager (Male) |
| 26:20 | Create | Villager (Male) |
| 26:20 | Create | Villager (Male) |
| 26:21 | Create | Villager (Male) |
| 26:37 | Build | Lumber Camp |
| 26:48 | Build | Lumber Camp |
| 27:03 | Create | Villager (Male) |
Build order — Acid Dag
First 150 of 190 actions detected
| 0:03 | Research | Loom |
| 0:03 | Create | Villager (Male) |
| 0:03 | Create | Villager (Male) |
| 0:04 | Create | Villager (Male) |
| 0:04 | Create | Villager (Male) |
| 0:08 | Build | House |
| 0:09 | Build | House |
| 0:11 | Build | House |
| 2:08 | Create | Villager (Male) |
| 2:08 | Create | Villager (Male) |
| 2:08 | Create | Villager (Male) |
| 2:50 | Create | Villager (Male) |
| 2:55 | Create | Villager (Male) |
| 2:55 | Create | Villager (Male) |
| 3:05 | Create | Villager (Male) |
| 4:43 | Create | Villager (Male) ×5 |
| 5:14 | Build | Lumber Camp |
| 5:23 | Create | Villager (Male) |
| 5:23 | Create | Villager (Male) |
| 6:05 | Create | Villager (Male) ×5 |
| 6:24 | Create | Villager (Male) |
| 6:47 | Build | Mill |
| 8:12 | Build | Mill |
| 8:25 | Build | House |
| 9:24 | Build | Mining Camp |
| 10:11 | Research | Feudal Age |
| 10:32 | Build | Farm |
| 10:33 | Build | Farm |
| 10:34 | Build | Farm |
| 10:35 | Build | Farm |
| 11:33 | Create | Villager (Male) ×4 |
| 12:21 | Age | Feudal Age |
| 12:42 | Build | Farm |
| 12:44 | Build | Farm |
| 12:45 | Build | Farm |
| 12:47 | Build | Farm |
| 13:27 | Build | Blacksmith |
| 14:05 | Build | House |
| 14:11 | Create | Villager (Male) |
| 14:11 | Create | Villager (Male) |
| 14:11 | Create | Villager (Male) |
| 14:12 | Create | Villager (Male) |
| 15:18 | Build | Market |
| 15:47 | Research | Castle Age |
| 16:15 | Research | Horse Collar |
| 16:27 | Build | House |
| 16:28 | Build | House |
| 16:31 | Build | House |
| 16:50 | Research | Double-Bit Axe |
| 17:15 | Build | House |
| 17:16 | Build | House |
| 17:27 | Research | Gold Mining |
| 17:54 | Create | Villager (Male) |
| 17:54 | Create | Villager (Male) |
| 17:57 | Research | Scale Mail Armor |
| 18:31 | Age | Castle Age |
| 18:35 | Build | Farm |
| 18:37 | Build | Farm |
| 18:38 | Build | Farm |
| 18:52 | Build | Barracks |
| 19:04 | Research | Forging |
| 19:10 | Create | Villager (Male) |
| 19:11 | Create | Villager (Male) |
| 20:04 | Build | Town Center |
| 20:08 | Create | Spearman |
| 20:10 | Create | Militia |
| 20:11 | Create | Militia |
| 20:11 | Create | Militia |
| 20:12 | Create | Militia |
| 20:20 | Research | Bow Saw |
| 21:11 | Create | Villager (Male) ×5 |
| 21:14 | Research | Heavy Plow |
| 22:08 | Build | Town Center |
| 22:11 | Create | Villager (Male) |
| 22:12 | Create | Villager (Male) |
| 22:16 | Create | Villager (Male) |
| 22:20 | Research | Squires |
| 22:53 | Research | Pikeman (upgrade) |
| 23:11 | Create | Villager (Male) |
| 23:12 | Create | Villager (Male) |
| 23:27 | Build | Siege Workshop |
| 23:46 | Research | Man-at-Arms (upgrade) |
| 24:09 | Create | Villager (Male) ×2 |
| 24:33 | Build | Farm |
| 24:34 | Build | Farm |
| 24:36 | Build | Farm |
| 24:37 | Build | Farm |
| 24:42 | Build | Farm |
| 24:46 | Build | Farm |
| 24:48 | Create | Villager (Male) ×2 |
| 24:58 | Build | House |
| 25:01 | Build | House |
| 25:02 | Build | House |
| 25:26 | Research | Long Swordsman (upgrade) |
| 25:36 | Build | Farm |
| 25:37 | Build | Farm |
| 25:43 | Build | Farm |
| 26:02 | Create | Mangonel |
| 26:11 | Research | Fletching |
| 26:26 | Research | Town Watch |
| 26:32 | Create | Villager (Male) ×2 |
| 26:51 | Create | Villager (Male) |
| 26:51 | Create | Villager (Male) |
| 27:04 | Build | Farm |
| 27:07 | Build | Farm |
| 27:10 | Build | Farm |
| 27:17 | Research | Wheelbarrow |
| 27:31 | Create | Battering Ram |
| 27:41 | Create | Militia |
| 27:42 | Create | Militia |
| 27:48 | Create | Villager (Male) ×2 |
| 27:57 | Build | Farm |
| 27:59 | Build | Farm |
| 28:00 | Build | Farm |
| 28:25 | Create | Spearman ×5 |
| 28:51 | Build | Barracks |
| 29:57 | Create | Spearman ×5 |
| 30:00 | Research | Hand Cart |
| 30:08 | Create | Battering Ram |
| 30:19 | Create | Villager (Male) ×5 |
| 30:28 | Create | Spearman |
| 30:29 | Create | Spearman |
| 30:52 | Create | Spearman ×5 |
| 31:01 | Build | Barracks |
| 31:11 | Build | Castle |
| 31:17 | Research | Bodkin Arrow |
| 31:22 | Create | Battering Ram |
| 31:28 | Create | Spearman |
| 31:29 | Create | Spearman |
| 32:19 | Create | Spearman ×5 |
| 32:25 | Build | Siege Workshop |
| 32:50 | Build | House |
| 32:51 | Build | House |
| 32:53 | Build | House |
| 32:53 | Build | House |
| 32:55 | Build | House |
| 32:56 | Build | House |
| 33:16 | Research | Chain Mail Armor |
| 33:27 | Create | Spearman ×5 |
| 34:05 | Research | Imperial Age |
| 34:19 | Research | Anarchy |
| 34:24 | Build | Barracks |
| 34:42 | Build | Barracks |
| 34:49 | Research | Iron Casting |
| 35:02 | Build | Castle |
| 35:41 | Build | University |
| 36:05 | Create | Huskarl |
| 36:05 | Create | Huskarl |
| 36:43 | Research | Ballistics |
| 37:15 | Age | Imperial Age |
Build order — YUNDARITO
First 150 of 296 actions detected
| 0:03 | Create | Villager (Male) |
| 0:03 | Create | Villager (Male) |
| 0:06 | Build | House |
| 0:11 | Create | Villager (Male) |
| 0:31 | Create | Villager (Male) |
| 1:28 | Create | Villager (Male) |
| 2:17 | Create | Villager (Male) |
| 2:45 | Create | Villager (Male) |
| 3:27 | Create | Villager (Male) |
| 3:57 | Create | Villager (Male) |
| 4:31 | Create | Villager (Male) |
| 4:33 | Create | Villager (Male) |
| 4:55 | Create | Villager (Male) |
| 4:59 | Build | House |
| 5:03 | Create | Villager (Male) |
| 5:25 | Create | Villager (Male) |
| 6:45 | Create | Villager (Male) |
| 6:45 | Create | Villager (Male) |
| 6:45 | Create | Villager (Male) |
| 7:22 | Create | Villager (Male) |
| 7:22 | Create | Villager (Male) |
| 7:52 | Build | Mill |
| 8:04 | Create | Villager (Male) |
| 8:05 | Create | Villager (Male) |
| 8:08 | Build | House |
| 8:09 | Build | House |
| 8:44 | Build | Farm |
| 8:47 | Build | Farm |
| 8:50 | Build | Farm |
| 10:01 | Create | Villager (Male) |
| 10:02 | Create | Villager (Male) |
| 10:09 | Build | Farm |
| 10:11 | Build | Farm |
| 10:15 | Create | Villager (Male) |
| 10:15 | Create | Villager (Male) |
| 10:34 | Build | Farm |
| 10:49 | Build | House |
| 11:49 | Build | Lumber Camp |
| 11:55 | Create | Villager (Male) |
| 12:21 | Research | Feudal Age |
| 13:10 | Build | Lumber Camp |
| 13:31 | Build | Farm |
| 14:13 | Create | Villager (Male) |
| 14:14 | Create | Villager (Male) |
| 14:31 | Age | Feudal Age |
| 14:31 | Research | Double-Bit Axe |
| 14:38 | Build | House |
| 14:41 | Build | House |
| 14:55 | Create | Villager (Male) |
| 15:08 | Build | House |
| 15:10 | Build | House |
| 15:16 | Build | House |
| 15:18 | Build | House |
| 15:34 | Build | Farm |
| 15:35 | Create | Villager (Male) |
| 15:53 | Build | Market |
| 16:08 | Build | Blacksmith |
| 16:15 | Build | Barracks |
| 16:18 | Create | Villager (Male) |
| 16:21 | Build | Farm |
| 16:25 | Build | Farm |
| 16:26 | Create | Villager (Male) |
| 16:47 | Build | Farm |
| 16:48 | Build | Farm |
| 16:56 | Build | Farm |
| 17:01 | Build | Farm |
| 17:11 | Build | Palisade Wall |
| 17:32 | Build | Farm |
| 17:34 | Build | Farm |
| 17:37 | Create | Villager (Male) |
| 17:38 | Create | Villager (Male) |
| 17:43 | Create | Villager (Male) |
| 17:43 | Create | Villager (Male) |
| 18:08 | Build | Mining Camp |
| 18:11 | Create | Villager (Male) |
| 18:24 | Build | Stable |
| 18:34 | Build | Stable |
| 19:25 | Create | Villager (Male) |
| 19:46 | Research | Castle Age |
| 19:55 | Build | Stable |
| 20:23 | Build | Farm |
| 20:42 | Build | Mining Camp |
| 20:54 | Build | Farm |
| 21:50 | Create | Villager (Male) |
| 21:51 | Create | Villager (Male) |
| 21:51 | Create | Villager (Male) |
| 22:26 | Age | Castle Age |
| 22:37 | Create | Knight |
| 22:37 | Create | Knight |
| 22:38 | Create | Knight |
| 23:25 | Create | Knight |
| 23:53 | Build | Town Center |
| 24:36 | Build | Town Center |
| 24:40 | Create | Villager (Male) |
| 24:40 | Create | Villager (Male) |
| 24:40 | Create | Villager (Male) |
| 25:14 | Research | Scale Barding Armor |
| 25:16 | Research | Forging |
| 25:22 | Create | Villager (Male) |
| 25:22 | Create | Villager (Male) |
| 25:22 | Create | Villager (Male) |
| 25:23 | Create | Villager (Male) |
| 25:23 | Create | Villager (Male) |
| 25:58 | Build | Stable |
| 26:00 | Build | Stable |
| 26:30 | Build | Monastery |
| 26:34 | Create | Villager (Male) |
| 26:34 | Create | Villager (Male) |
| 26:36 | Create | Villager (Male) |
| 26:36 | Create | Villager (Male) |
| 26:36 | Create | Villager (Male) |
| 26:37 | Create | Villager (Male) |
| 26:37 | Create | Villager (Male) |
| 26:41 | Create | Knight |
| 26:42 | Create | Knight |
| 26:42 | Create | Knight |
| 27:02 | Create | Monk |
| 27:35 | Build | Farm |
| 27:36 | Build | Farm |
| 27:38 | Build | Farm |
| 27:39 | Build | Farm |
| 28:07 | Create | Monk |
| 28:42 | Create | Villager (Male) |
| 28:48 | Build | Farm |
| 28:49 | Build | Farm |
| 30:42 | Create | Monk |
| 30:58 | Create | Knight |
| 30:58 | Create | Knight |
| 31:10 | Create | Monk |
| 31:27 | Create | Villager (Male) |
| 31:28 | Create | Villager (Male) |
| 31:29 | Create | Villager (Male) |
| 31:29 | Create | Villager (Male) |
| 31:30 | Create | Villager (Male) |
| 31:32 | Build | Farm |
| 31:33 | Build | Farm |
| 31:36 | Research | Wheelbarrow |
| 31:46 | Build | House |
| 31:46 | Build | House |
| 31:47 | Build | House |
| 31:49 | Build | House |
| 31:50 | Build | House |
| 32:05 | Create | Villager (Male) |
| 32:05 | Create | Villager (Male) |
| 32:25 | Build | Castle |
| 32:31 | Create | Villager (Male) |
| 32:32 | Create | Villager (Male) |
| 32:32 | Create | Villager (Male) |
| 33:00 | Build | Castle |
| 33:03 | Create | Villager (Male) |
Build order — Balint4321
First 150 of 223 actions detected
| 0:04 | Build | House |
| 0:05 | Create | Villager (Male) |
| 0:05 | Create | Villager (Male) |
| 0:06 | Create | Villager (Male) |
| 0:07 | Build | House |
| 0:44 | Create | Villager (Male) |
| 0:45 | Create | Villager (Male) |
| 0:45 | Create | Villager (Male) |
| 1:31 | Create | Villager (Male) |
| 2:05 | Create | Villager (Male) |
| 2:26 | Build | Lumber Camp |
| 3:46 | Create | Villager (Male) |
| 3:46 | Create | Villager (Male) |
| 3:47 | Create | Villager (Male) |
| 4:37 | Create | Villager (Male) |
| 4:37 | Create | Villager (Male) |
| 4:42 | Build | Mill |
| 5:04 | Create | Villager (Male) |
| 6:11 | Create | Villager (Male) |
| 6:20 | Build | House |
| 6:26 | Research | Loom |
| 6:27 | Create | Villager (Male) |
| 7:08 | Create | Villager (Male) |
| 7:09 | Create | Villager (Male) |
| 8:12 | Create | Villager (Male) |
| 8:15 | Create | Villager (Male) |
| 8:34 | Build | House |
| 8:35 | Build | House |
| 9:20 | Research | Feudal Age |
| 10:09 | Create | Villager (Male) |
| 10:10 | Create | Villager (Male) |
| 11:08 | Build | Barracks |
| 11:22 | Build | Mining Camp |
| 11:30 | Age | Feudal Age |
| 11:53 | Build | Farm |
| 11:53 | Build | Farm |
| 12:18 | Build | Stable |
| 12:33 | Build | Farm |
| 12:33 | Build | Farm |
| 12:33 | Build | Farm |
| 12:36 | Create | Villager (Male) |
| 12:37 | Create | Villager (Male) |
| 12:37 | Create | Villager (Male) |
| 12:38 | Create | Villager (Male) |
| 13:00 | Research | Double-Bit Axe |
| 13:41 | Create | Scout Cavalry |
| 13:44 | Build | Farm |
| 14:11 | Build | Farm |
| 14:15 | Build | Farm |
| 14:29 | Create | Villager (Male) |
| 14:30 | Create | Villager (Male) |
| 14:30 | Create | Villager (Male) |
| 15:35 | Build | House |
| 15:54 | Build | Blacksmith |
| 16:12 | Build | Farm |
| 16:13 | Build | Farm |
| 16:29 | Research | Castle Age |
| 17:24 | Research | Horse Collar |
| 17:34 | Research | Scale Barding Armor |
| 17:54 | Research | Bloodlines |
| 18:00 | Build | Farm |
| 18:06 | Build | Farm |
| 18:10 | Build | Farm |
| 19:02 | Research | Forging |
| 19:09 | Age | Castle Age |
| 19:10 | Create | Villager (Male) |
| 19:10 | Create | Villager (Male) |
| 19:18 | Create | Knight |
| 19:26 | Build | Monastery |
| 19:29 | Research | Bow Saw |
| 19:46 | Build | Town Center |
| 20:04 | Build | House |
| 20:05 | Build | House |
| 20:07 | Build | House |
| 20:08 | Build | House |
| 20:18 | Create | Villager (Male) |
| 20:19 | Create | Villager (Male) |
| 20:22 | Create | Monk |
| 20:50 | Create | Knight |
| 20:57 | Create | Villager (Male) |
| 21:00 | Research | Heavy Plow |
| 21:53 | Create | Knight |
| 21:56 | Create | Villager (Male) |
| 21:57 | Create | Villager (Male) |
| 21:58 | Create | Villager (Male) |
| 21:59 | Create | Knight |
| 22:08 | Build | Stable |
| 22:14 | Create | Villager (Male) ×5 |
| 22:24 | Build | Farm |
| 22:30 | Build | Farm |
| 22:30 | Build | Farm |
| 22:31 | Build | Farm |
| 22:47 | Create | Monk |
| 22:56 | Create | Knight |
| 22:58 | Research | Husbandry |
| 23:15 | Build | Town Center |
| 23:32 | Build | Farm |
| 23:46 | Research | Chain Barding Armor |
| 23:49 | Create | Villager (Male) ×2 |
| 23:56 | Build | Farm |
| 23:56 | Build | Farm |
| 24:00 | Create | Villager (Male) |
| 24:05 | Create | Knight |
| 24:57 | Create | Knight |
| 24:57 | Create | Knight |
| 24:58 | Create | Knight |
| 25:17 | Create | Knight |
| 26:18 | Create | Knight |
| 26:19 | Create | Knight |
| 26:19 | Create | Knight |
| 26:20 | Create | Knight |
| 26:21 | Create | Villager (Male) ×5 |
| 26:22 | Create | Villager (Male) ×3 |
| 26:26 | Build | Farm |
| 26:26 | Build | Farm |
| 26:26 | Build | Farm |
| 26:30 | Build | Farm |
| 26:30 | Build | Farm |
| 26:31 | Build | Farm |
| 26:32 | Build | Farm |
| 27:15 | Create | Knight |
| 27:16 | Create | Knight |
| 28:15 | Create | Knight |
| 28:15 | Create | Knight |
| 28:20 | Build | House |
| 28:21 | Build | House |
| 28:21 | Build | House |
| 28:22 | Build | House |
| 28:24 | Build | House |
| 28:31 | Research | Wheelbarrow |
| 29:05 | Research | Iron Casting |
| 29:05 | Research | Fletching |
| 29:19 | Create | Monk |
| 30:11 | Create | Knight |
| 30:11 | Create | Knight |
| 30:11 | Create | Knight |
| 30:12 | Create | Knight |
| 30:13 | Create | Villager (Male) ×5 |
| 30:14 | Create | Villager (Male) ×5 |
| 30:14 | Create | Villager (Male) ×5 |
| 30:16 | Build | Farm |
| 30:29 | Build | Mining Camp |
| 30:34 | Build | Mill |
| 30:34 | Build | Farm |
| 30:35 | Build | Farm |
| 30:35 | Build | Farm |
| 30:35 | Build | Farm |
| 30:36 | Build | Farm |
| 30:37 | Build | Farm |
| 32:14 | Create | Knight ×5 |
Build order — Военкомат
First 150 of 208 actions detected
| 0:08 | Build | House |
| 0:23 | Create | Villager (Male) |
| 0:23 | Create | Villager (Male) |
| 0:23 | Create | Villager (Male) |
| 0:24 | Create | Villager (Male) |
| 2:50 | Create | Villager (Male) |
| 2:50 | Create | Villager (Male) |
| 2:50 | Create | Villager (Male) |
| 3:45 | Create | Villager (Male) |
| 3:45 | Create | Villager (Male) |
| 3:46 | Create | Villager (Male) |
| 3:46 | Create | Villager (Male) |
| 3:51 | Create | Villager (Male) |
| 3:52 | Create | Villager (Male) |
| 4:15 | Build | Lumber Camp |
| 4:30 | Create | Villager (Male) |
| 5:10 | Build | House |
| 5:13 | Create | Villager (Male) |
| 5:13 | Create | Villager (Male) |
| 5:52 | Build | House |
| 6:02 | Create | Villager (Male) |
| 8:13 | Create | Villager (Male) |
| 8:14 | Create | Villager (Male) |
| 8:14 | Create | Villager (Male) |
| 8:14 | Create | Villager (Male) |
| 8:14 | Create | Villager (Male) |
| 8:15 | Create | Villager (Male) |
| 8:15 | Create | Villager (Male) |
| 10:04 | Build | House |
| 10:07 | Create | Villager (Male) |
| 10:21 | Build | Mill |
| 10:38 | Create | Villager (Male) |
| 10:40 | Create | Villager (Male) |
| 11:25 | Build | House |
| 11:40 | Build | Lumber Camp |
| 11:42 | Create | Villager (Male) |
| 11:43 | Create | Villager (Male) |
| 11:44 | Create | Villager (Male) |
| 12:01 | Build | House |
| 12:15 | Create | Villager (Male) |
| 12:42 | Build | Barracks |
| 12:58 | Build | Farm |
| 13:01 | Build | Farm |
| 13:16 | Create | Villager (Male) |
| 13:40 | Research | Feudal Age |
| 13:44 | Build | Mining Camp |
| 14:03 | Build | Farm |
| 14:53 | Build | Farm |
| 14:56 | Build | Farm |
| 14:58 | Build | Farm |
| 15:00 | Build | Farm |
| 15:06 | Build | Farm |
| 15:09 | Build | Farm |
| 15:11 | Build | Farm |
| 15:15 | Create | Villager (Male) |
| 15:16 | Create | Villager (Male) |
| 15:16 | Create | Villager (Male) |
| 15:17 | Create | Villager (Male) |
| 15:50 | Create | Villager (Male) |
| 16:13 | Age | Feudal Age |
| 16:17 | Create | Villager (Male) |
| 16:17 | Create | Villager (Male) |
| 16:17 | Create | Villager (Male) |
| 16:40 | Build | Blacksmith |
| 16:49 | Build | Market |
| 16:59 | Build | Farm |
| 17:03 | Build | Farm |
| 17:22 | Create | Villager (Male) |
| 17:26 | Build | Farm |
| 17:31 | Build | Farm |
| 17:37 | Build | Farm |
| 17:57 | Build | Farm |
| 18:24 | Build | Farm |
| 18:26 | Build | Farm |
| 18:44 | Build | House |
| 18:45 | Build | House |
| 18:47 | Build | House |
| 18:53 | Research | Castle Age |
| 18:54 | Create | Villager (Male) |
| 18:54 | Create | Villager (Male) |
| 19:03 | Build | Farm |
| 19:08 | Build | Farm |
| 19:11 | Research | Horse Collar |
| 19:13 | Research | Double-Bit Axe |
| 19:40 | Build | House |
| 19:41 | Build | House |
| 19:44 | Build | House |
| 19:46 | Build | House |
| 20:51 | Create | Spearman |
| 20:52 | Create | Spearman |
| 21:33 | Age | Castle Age |
| 21:50 | Create | Spearman |
| 22:01 | Create | Villager (Male) |
| 22:01 | Create | Villager (Male) |
| 22:09 | Build | Town Center |
| 22:19 | Create | Villager (Male) |
| 22:48 | Build | House |
| 22:49 | Build | House |
| 22:51 | Build | House |
| 22:54 | Build | House |
| 22:56 | Build | House |
| 23:07 | Build | Siege Workshop |
| 23:20 | Build | Farm |
| 23:22 | Create | Villager (Male) |
| 23:22 | Create | Villager (Male) |
| 23:23 | Create | Villager (Male) |
| 23:23 | Create | Villager (Male) |
| 23:27 | Create | Villager (Male) |
| 23:27 | Create | Villager (Male) |
| 23:28 | Create | Villager (Male) |
| 23:28 | Create | Villager (Male) |
| 23:36 | Build | Farm |
| 24:50 | Research | Pikeman (upgrade) |
| 24:51 | Research | Squires |
| 24:53 | Create | Spearman ×5 |
| 25:19 | Research | Fletching |
| 25:21 | Research | Forging |
| 25:21 | Research | Scale Mail Armor |
| 25:22 | Research | Scale Barding Armor |
| 26:03 | Create | Villager (Male) |
| 26:03 | Create | Villager (Male) |
| 26:04 | Create | Villager (Male) |
| 26:04 | Create | Villager (Male) |
| 26:04 | Create | Villager (Male) |
| 26:18 | Research | Loom |
| 26:29 | Create | Militia |
| 27:30 | Research | Iron Casting |
| 27:33 | Create | Spearman |
| 27:33 | Create | Spearman |
| 27:34 | Create | Spearman |
| 27:34 | Create | Spearman |
| 27:45 | Create | Villager (Male) |
| 27:45 | Create | Villager (Male) |
| 27:46 | Create | Villager (Male) |
| 27:46 | Create | Villager (Male) |
| 27:46 | Create | Villager (Male) |
| 27:47 | Create | Villager (Male) |
| 27:47 | Create | Villager (Male) |
| 28:23 | Build | Stone Wall |
| 29:05 | Create | Spearman |
| 29:05 | Create | Spearman |
| 29:05 | Create | Spearman |
| 29:05 | Create | Spearman |
| 29:48 | Build | Mining Camp |
| 29:52 | Create | Villager (Male) |
| 29:52 | Create | Villager (Male) |
| 29:52 | Create | Villager (Male) |
| 29:58 | Build | House |
| 29:59 | Build | House |
| 29:59 | Build | House |
Build order — iceiceice
First 150 of 344 actions detected
| 0:08 | Build | House |
| 0:13 | Build | House |
| 0:14 | Create | Villager (Male) ×4 |
| 1:31 | Create | Villager (Male) |
| 2:11 | Build | Lumber Camp |
| 2:20 | Create | Villager (Male) |
| 2:20 | Create | Villager (Male) |
| 2:46 | Create | Villager (Male) |
| 3:07 | Create | Villager (Male) |
| 3:33 | Create | Villager (Male) |
| 4:31 | Create | Villager (Male) |
| 4:34 | Create | Villager (Male) |
| 5:07 | Create | Villager (Male) |
| 5:09 | Build | Mill |
| 5:40 | Create | Villager (Male) |
| 6:02 | Create | Villager (Male) |
| 6:03 | Create | Villager (Male) |
| 6:05 | Create | Villager (Male) |
| 6:17 | Build | House |
| 6:25 | Build | House |
| 7:25 | Create | Villager (Male) |
| 7:40 | Create | Villager (Male) |
| 7:48 | Create | Villager (Male) |
| 7:50 | Create | Villager (Male) |
| 8:04 | Build | Lumber Camp |
| 8:17 | Build | Palisade Wall |
| 8:44 | Build | Farm |
| 8:45 | Build | Farm |
| 8:47 | Build | Farm |
| 9:05 | Build | Farm |
| 9:15 | Create | Villager (Male) |
| 9:22 | Create | Villager (Male) |
| 9:54 | Create | Villager (Male) |
| 9:55 | Create | Villager (Male) |
| 10:01 | Create | Villager (Male) |
| 10:05 | Research | Feudal Age |
| 10:08 | Build | Mining Camp |
| 10:48 | Build | Mining Camp |
| 11:29 | Build | Palisade Wall |
| 13:00 | Create | Villager (Male) |
| 13:06 | Build | House |
| 13:08 | Age | Feudal Age |
| 13:14 | Research | Double-Bit Axe |
| 13:25 | Build | Market |
| 13:29 | Build | Blacksmith |
| 13:33 | Create | Villager (Male) |
| 13:50 | Research | Horse Collar |
| 14:22 | Research | Castle Age |
| 16:32 | Build | Farm |
| 17:02 | Age | Castle Age |
| 17:09 | Build | Town Center |
| 17:13 | Create | Villager (Male) |
| 17:23 | Build | Town Center |
| 18:01 | Create | Villager (Male) |
| 18:02 | Build | Farm |
| 18:04 | Create | Villager (Male) |
| 18:06 | Create | Villager (Male) |
| 18:07 | Create | Villager (Male) |
| 18:11 | Create | Villager (Male) |
| 18:12 | Create | Villager (Male) |
| 18:12 | Create | Villager (Male) |
| 18:38 | Build | Farm |
| 18:53 | Build | House |
| 18:54 | Build | House |
| 18:56 | Create | Villager (Male) |
| 19:02 | Create | Villager (Male) |
| 19:02 | Create | Villager (Male) |
| 19:03 | Create | Villager (Male) |
| 19:04 | Create | Villager (Male) |
| 19:09 | Build | Farm |
| 19:21 | Create | Villager (Male) |
| 19:21 | Create | Villager (Male) |
| 19:29 | Build | Farm |
| 19:31 | Create | Villager (Male) |
| 19:56 | Build | Castle |
| 19:58 | Create | Villager (Male) |
| 20:02 | Create | Villager (Male) |
| 20:03 | Create | Villager (Male) |
| 20:07 | Build | Farm |
| 20:10 | Create | Villager (Male) |
| 20:13 | Create | Villager (Male) |
| 20:19 | Build | Farm |
| 20:26 | Create | Villager (Male) |
| 20:29 | Build | Farm |
| 20:29 | Build | Farm |
| 20:30 | Build | Farm |
| 20:33 | Create | Villager (Male) |
| 20:35 | Research | Bow Saw |
| 20:43 | Build | Farm |
| 20:48 | Create | Villager (Male) |
| 21:03 | Build | Farm |
| 21:21 | Build | Farm |
| 21:23 | Create | Villager (Male) |
| 21:25 | Create | Villager (Male) |
| 21:27 | Create | Villager (Male) |
| 21:37 | Build | Farm |
| 21:40 | Create | Villager (Male) |
| 21:42 | Create | Villager (Male) |
| 21:46 | Build | Farm |
| 21:46 | Build | Farm |
| 21:46 | Build | Farm |
| 21:47 | Build | Farm |
| 21:54 | Build | Farm |
| 21:54 | Build | Farm |
| 21:55 | Build | Farm |
| 21:56 | Create | Villager (Male) |
| 22:04 | Build | Farm |
| 22:13 | Create | Villager (Male) |
| 22:16 | Create | Villager (Male) |
| 22:22 | Build | Farm |
| 22:24 | Create | Villager (Male) |
| 22:32 | Build | Farm |
| 22:32 | Build | Farm |
| 22:38 | Create | Villager (Male) |
| 22:41 | Create | Villager (Male) |
| 22:44 | Create | Villager (Male) |
| 22:47 | Build | Farm |
| 22:53 | Create | Villager (Male) |
| 23:01 | Create | Villager (Male) |
| 23:12 | Build | Farm |
| 23:15 | Create | Villager (Male) |
| 23:17 | Create | Villager (Male) |
| 23:28 | Research | Wheelbarrow |
| 23:41 | Build | Farm |
| 23:42 | Create | Villager (Male) |
| 23:44 | Create | Villager (Male) |
| 24:00 | Create | Villager (Male) |
| 24:05 | Build | Farm |
| 24:05 | Build | Farm |
| 24:05 | Build | Farm |
| 24:08 | Research | Forging |
| 24:11 | Create | Villager (Male) |
| 24:19 | Build | House |
| 24:21 | Build | House |
| 24:23 | Build | House |
| 24:26 | Build | Farm |
| 24:26 | Build | Farm |
| 24:26 | Build | Farm |
| 24:33 | Build | Farm |
| 24:36 | Build | Farm |
| 24:38 | Create | Villager (Male) |
| 24:38 | Create | Villager (Male) |
| 24:40 | Create | Villager (Male) |
| 24:53 | Create | Huskarl |
| 24:53 | Create | Huskarl |
| 24:55 | Create | Huskarl |
| 24:58 | Create | Villager (Male) |
| 24:59 | Create | Villager (Male) |
| 24:59 | Create | Villager (Male) |
| 25:08 | Build | Farm |
Build order — shamix709
First 150 of 389 actions detected
| 0:02 | Build | House |
| 0:09 | Create | Villager (Male) |
| 0:09 | Create | Villager (Male) |
| 0:23 | Create | Villager (Male) |
| 0:24 | Create | Villager (Male) |
| 1:29 | Create | Villager (Male) |
| 1:56 | Create | Villager (Male) |
| 1:56 | Create | Villager (Male) |
| 2:36 | Create | Villager (Male) |
| 2:36 | Create | Villager (Male) |
| 3:15 | Research | Loom |
| 3:27 | Create | Villager (Male) |
| 3:27 | Create | Villager (Male) |
| 4:05 | Create | Villager (Male) |
| 4:40 | Create | Villager (Male) |
| 4:41 | Create | Villager (Male) |
| 4:48 | Build | House |
| 4:50 | Build | House |
| 5:11 | Build | Mill |
| 6:16 | Create | Villager (Male) |
| 6:17 | Create | Villager (Male) |
| 6:47 | Create | Villager (Male) |
| 6:48 | Create | Villager (Male) |
| 6:48 | Create | Villager (Male) |
| 6:59 | Build | Lumber Camp |
| 7:01 | Create | Villager (Male) |
| 7:43 | Create | Villager (Male) |
| 7:44 | Create | Villager (Male) |
| 7:55 | Create | Villager (Male) |
| 8:07 | Create | Villager (Male) |
| 8:21 | Create | Villager (Male) |
| 8:58 | Create | Villager (Male) |
| 9:24 | Build | House |
| 9:26 | Create | Villager (Male) |
| 9:44 | Create | Villager (Male) |
| 9:44 | Create | Villager (Male) |
| 9:48 | Build | House |
| 10:08 | Build | House |
| 10:10 | Create | Villager (Male) |
| 10:27 | Create | Villager (Male) |
| 10:27 | Create | Villager (Male) |
| 10:47 | Create | Villager (Male) |
| 11:39 | Research | Feudal Age |
| 12:15 | Build | Lumber Camp |
| 12:23 | Build | Mining Camp |
| 12:27 | Create | Villager (Male) |
| 12:27 | Create | Villager (Male) |
| 13:34 | Create | Villager (Male) |
| 13:45 | Build | House |
| 13:47 | Build | House |
| 13:48 | Build | House |
| 13:50 | Create | Villager (Male) |
| 14:22 | Build | Barracks |
| 14:27 | Create | Villager (Male) |
| 14:28 | Age | Feudal Age |
| 14:39 | Build | Blacksmith |
| 14:45 | Research | Double-Bit Axe |
| 14:49 | Research | Gold Mining |
| 15:08 | Create | Villager (Male) |
| 15:24 | Create | Villager (Male) |
| 15:34 | Build | Stable |
| 15:40 | Create | Villager (Male) |
| 15:42 | Create | Spearman |
| 15:42 | Create | Spearman |
| 15:53 | Build | Farm |
| 15:54 | Build | Farm |
| 15:56 | Build | Farm |
| 16:02 | Research | Horse Collar |
| 16:15 | Create | Villager (Male) |
| 16:21 | Build | Farm |
| 16:21 | Build | Farm |
| 16:22 | Build | Farm |
| 16:22 | Build | Farm |
| 16:23 | Build | Farm |
| 16:59 | Research | Castle Age |
| 17:04 | Build | Farm |
| 17:06 | Build | Farm |
| 17:08 | Build | Farm |
| 17:24 | Build | Farm |
| 17:25 | Build | Farm |
| 17:28 | Create | Villager (Male) |
| 17:44 | Research | Bloodlines |
| 18:14 | Build | House |
| 18:15 | Build | House |
| 18:49 | Research | Forging |
| 18:59 | Build | Farm |
| 19:07 | Create | Villager (Male) |
| 19:09 | Build | Farm |
| 19:11 | Build | Farm |
| 19:12 | Build | Farm |
| 19:34 | Research | Scale Barding Armor |
| 19:39 | Age | Castle Age |
| 19:39 | Create | Villager (Male) |
| 19:48 | Create | Knight |
| 19:48 | Create | Knight |
| 20:01 | Build | Monastery |
| 20:21 | Create | Villager (Male) |
| 20:23 | Create | Knight |
| 20:27 | Create | Monk |
| 20:28 | Create | Monk |
| 20:42 | Create | Monk |
| 20:49 | Create | Villager (Male) |
| 21:00 | Build | Farm |
| 21:02 | Build | Farm |
| 21:13 | Create | Knight |
| 21:14 | Create | Knight |
| 21:30 | Research | Bow Saw |
| 22:22 | Create | Knight |
| 22:22 | Create | Knight |
| 22:22 | Create | Knight |
| 22:54 | Create | Villager (Male) |
| 22:55 | Create | Villager (Male) |
| 22:55 | Create | Villager (Male) |
| 22:56 | Create | Villager (Male) |
| 23:59 | Create | Monk |
| 23:59 | Create | Monk |
| 24:00 | Create | Monk |
| 24:00 | Create | Monk |
| 24:19 | Build | Watch Tower |
| 24:23 | Create | Villager (Male) |
| 25:02 | Create | Villager (Male) |
| 25:03 | Create | Villager (Male) |
| 25:07 | Research | Wheelbarrow |
| 25:12 | Build | House |
| 25:16 | Build | House |
| 25:19 | Build | House |
| 25:53 | Build | Archery Range |
| 26:43 | Build | Market |
| 28:34 | Create | Villager (Male) |
| 28:36 | Research | Hand Cart |
| 28:53 | Build | University |
| 29:14 | Create | Knight |
| 29:14 | Create | Knight |
| 29:14 | Create | Knight |
| 29:15 | Create | Knight |
| 29:19 | Create | Camel Scout |
| 29:19 | Create | Camel Scout |
| 29:19 | Create | Camel Scout |
| 29:35 | Create | Archer |
| 29:41 | Create | Archer |
| 29:41 | Create | Archer |
| 29:41 | Create | Archer |
| 30:48 | Create | Camel Scout |
| 30:49 | Create | Camel Scout |
| 30:52 | Research | Imperial Age |
| 31:21 | Create | Archer |
| 31:29 | Create | Camel Scout |
| 31:29 | Create | Camel Scout |
| 31:29 | Create | Camel Scout |
| 32:00 | Build | Town Center |
Match timeline
| 8:17 | iceiceice · wall_segment Palisade Wall x4 |
| 10:49 | Marina Orsini · age_up feudal |
| 11:08 | Balint4321 · first_building Barracks |
| 11:24 | Marina Orsini · first_building Barracks |
| 11:29 | iceiceice · wall_segment Palisade Wall x5 |
| 11:30 | Balint4321 · age_up feudal |
| 12:09 | avarhard · age_up feudal |
| 12:18 | Balint4321 · first_building Stable |
| 12:21 | Acid Dag · age_up feudal |
| 12:42 | Военкомат · first_building Barracks |
| 13:08 | iceiceice · age_up feudal |
| 14:22 | shamix709 · first_building Barracks |
| 14:28 | shamix709 · age_up feudal |
| 14:31 | YUNDARITO · age_up feudal |
| 15:34 | shamix709 · first_building Stable |
| 15:58 | Marina Orsini · first_market_sell 100 stone |
| 16:13 | Военкомат · age_up feudal |
| 16:15 | YUNDARITO · first_building Barracks |
| 17:02 | iceiceice · age_up castle |
| 17:11 | YUNDARITO · wall_segment Palisade Wall x1 |
| 17:35 | Marina Orsini · first_building Archery Range |
| 18:15 | Marina Orsini · first_market_buy 100 wood |
| 18:24 | YUNDARITO · first_building Stable |
| 18:31 | Acid Dag · age_up castle |
| 18:41 | Marina Orsini · age_up castle |
| 18:52 | Acid Dag · first_building Barracks |
| 19:06 | YUNDARITO · first_market_sell 100 wood |
| 19:09 | Balint4321 · age_up castle |
| 19:26 | Balint4321 · first_building Monastery |
| 19:28 | avarhard · age_up castle |
| 19:39 | shamix709 · age_up castle |
| 19:56 | iceiceice · first_building Castle |
| 20:01 | shamix709 · first_building Monastery |
| 20:11 | Marina Orsini · first_building Monastery |
| 20:59 | avarhard · first_building Barracks |
| 21:33 | Военкомат · age_up castle |
| 22:26 | YUNDARITO · age_up castle |
| 23:07 | Военкомат · first_building Siege Workshop |
| 23:19 | avarhard · first_building Stable |
| 23:27 | Acid Dag · first_building Siege Workshop |
| 24:57 | Marina Orsini · first_building Castle |
| 25:53 | shamix709 · first_building Archery Range |
| 26:30 | YUNDARITO · first_building Monastery |
| 28:02 | avarhard · first_building Castle |
| 28:23 | Военкомат · wall_segment Stone Wall x2 |
| 28:55 | iceiceice · first_building Barracks |
| 31:05 | Военкомат · wall_segment Palisade Wall x11 |
| 31:11 | Acid Dag · first_building Castle |
| 31:44 | Военкомат · wall_segment Palisade Wall x5 |
| 31:56 | Военкомат · wall_segment Palisade Wall x5 |
| 31:57 | shamix709 · first_market_buy 100 stone |
| 32:11 | YUNDARITO · first_market_buy 100 stone |
| 32:25 | YUNDARITO · first_building Castle |
| 33:02 | Военкомат · wall_segment Palisade Wall x1 |
| 33:14 | Военкомат · wall_segment Palisade Wall x5 |
| 33:16 | Marina Orsini · age_up imperial |
| 33:34 | Военкомат · wall_segment Palisade Wall x12 |
| 33:58 | iceiceice · age_up imperial |
| 34:02 | shamix709 · age_up imperial |
| 34:11 | shamix709 · first_market_sell 100 wood |
| 34:35 | shamix709 · first_building Castle |
| 35:50 | avarhard · first_building Monastery |
| 37:15 | Acid Dag · age_up imperial |
| 38:30 | Acid Dag · wall_segment Palisade Wall x6 |
| 39:12 | Balint4321 · first_building Castle |
| 40:35 | Acid Dag · first_building Archery Range |
| 40:57 | Balint4321 · age_up imperial |
| 42:05 | avarhard · age_up imperial |
| 42:44 | Военкомат · first_building Castle |
| 45:06 | Balint4321 · first_building Siege Workshop |
| 48:34 | YUNDARITO · age_up imperial |
| 49:33 | avarhard · resign |
[ AI ANALYSIS · 1 CREDIT ]
What really happened in this match?
Wolo.gg analyzes every decision: build order, eco, micro, common mistakes by bracket. Personalized analysis on WhatsApp or Discord in 30 seconds.
Civ guide
Franks
Perfil
Jugador #4741573